 Dungeon Sprint DCSS version 0.27-a0-972-gd1521fd518 (webtiles) character file.

Game seed: 5867423310695035613

150473 Snicker the Conqueror (level 16, -11/183 HPs)
             Began as a Minotaur Fighter on Apr 14, 2021.
             Was the Champion of Wu Jian.
             Mangled by Antaeus (39 damage)
             ... in the Dungeon (Sprint V: "Ziggurat Sprint").
             The game lasted 00:34:18 (3421 turns).

Snicker the Conqueror (Minotaur Fighter)            Turns: 3421, Time: 00:34:21

Health: -11/183    AC: 45    Str: 27    XL:     16   Next: 98%
Magic:  16/16      EV: 49    Int:  5    God:    Wu Jian [******]
Gold:   5          SH: 20    Dex: 17    Spells: 15/15 levels left

rFire    + + +     SeeInvis .   I - +10 zealot's sword {holy, *Rage rN+ EV+3}
rCold    . . .     Faith    .   c - +0 kite shield
rNeg     + . .     Spirit   .   k - +15 Maxwell's patent armour {-Cast -Tele rElec Will+ rCorr}
rPois    +         Reflect  .   (helmet restricted)
rElec    +         Harm     .   Y - +2 cloak {Will+}
rCorr    +         Rampage  .   b - +2 pair of gloves {Stlth+}
Will     +++..     Rnd*Rage +   (no boots) Stlth ..........NoTele +
                                O - amulet of the Air {Inacc Fly rElec EV+5 RMsl}
HPRegen  0.40/turn NoCast   +   V - ring of Qeig {*Slow rElec rCorr Str+2 Slay+3}
MPRegen  0.15/turn              P - ring "Qekaopso" {rF+++ EV+4 Dex+4 Slay+2}

@: in a heavenly storm, on berserk cooldown, flying, slowed, glowing, studying 3
skills, silenced, repel missiles, very slow
A: horns 2, retaliatory headbutt, poison resistance, wild magic 2, MP-powered
wands
a: Renounce Religion, Wall Jump


You were in the Dungeon.
You worshipped Wu Jian.
Wu Jian was exalted by your worship.
You visited 1 branch You collected 5 gold pieces.

Inventory:

Hand Weapons
 l - the +5 sword of Power {vorpal}
   (You found it in the Dungeon)

   It inflicts extra damage upon your enemies.
 G - the +6 long sword "Nialovic" {vorpal, rC+ Str-5 Stlth+}
   (You took it off an iron imp in the Dungeon)

   It inflicts extra damage upon your enemies.
   It affects your strength (-5).
   It protects you from cold.
   It makes you more stealthy.
 I - the +10 zealot's sword (weapon) {holy, *Rage rN+ EV+3}
   (You found it in the Dungeon)

   It has been blessed by the Shining One to cause great damage to the undead
   and demons.
   It affects your evasion (+3).
   It protects you from negative energy.
   It may make you go berserk in combat.
Missiles
 N - a throwing net (quivered)
Armour
 b - a +2 pair of gloves of stealth (worn)
 c - a +0 kite shield (worn)
 k - the +15 Maxwell's patent armour (worn) {-Cast -Tele rElec Will+ rCorr}
   (You found it in the Dungeon)

   It insulates you from electricity.
   It prevents spellcasting.
   It prevents most forms of teleportation.
   It protects you from acid and corrosion.
   It increases your willpower.
 m - the +9 scales of the Dragon King {rPois rF+ rC+ Will+}
   (You found it in the Dungeon)

   It protects you from fire.
   It protects you from cold.
   It protects you from poison.
   It increases your willpower.
 Y - a +2 cloak of willpower (worn)
Jewellery
 n - a +6 ring of dexterity
 o - a +6 ring of dexterity
 q - an amulet of magic regeneration
 r - a +6 ring of strength
 s - a +6 ring of strength
 H - a +4 ring of evasion
 J - the ring of Shadows {Umbra +Inv Stlth+}
   (You found it in the Dungeon)

   [ring of stealth]

   It lets you turn invisible.
   It makes you more stealthy.
 K - a ring of resist corrosion
 O - the amulet of the Air (around neck) {Inacc Fly rElec EV+5 RMsl}
   (You found it in the Dungeon)

   [amulet of nothing]

   It affects your evasion (+5).
   It insulates you from electricity.
   It grants you flight.
   It protects you from missiles.
 P - the ring "Qekaopso" (right hand) {rF+++ EV+4 Dex+4 Slay+2}
   (You found it in the Dungeon)

   [ring of evasion]

   It affects your evasion (+4).
   It affects your dexterity (+4).
   It affects your accuracy and damage with ranged weapons and melee attacks
   (+2).
   It renders you almost immune to fire.
 V - the ring of Qeig (left hand) {*Slow rElec rCorr Str+2 Slay+3}
   (You found it in the Dungeon)

   [ring of resist corrosion]

   It affects your strength (+2).
   It affects your accuracy and damage with ranged weapons and melee attacks
   (+3).
   It insulates you from electricity.
   It protects you from acid and corrosion.
   It may slow you when you take damage.
 W - an amulet of the acrobat
 X - the ring "Lifoelais" {Ice rN+ Int+5 Dex-2 Slay+3}
   (You found it in the Dungeon)

   [ring of ice]

   It enhances your ice magic.
   It affects your intelligence (+5).
   It affects your dexterity (-2).
   It affects your accuracy and damage with ranged weapons and melee attacks
   (+3).
   It makes you vulnerable to fire.
   It protects you from cold.
   It protects you from negative energy.
 Z - the ring "Hyighe" {Will+ Int+4 Dex-5 Slay+4}
   (You found it in the Dungeon)

   [ring of slaying]

   It affects your intelligence (+4).
   It affects your dexterity (-5).
   It affects your accuracy and damage with ranged weapons and melee attacks
   (+4).
   It increases your willpower.
Wands
 t - a wand of mindburst (7)
 u - a wand of iceblast (16)
 v - a wand of acid (7)
 U - a wand of polymorph (7)
Scrolls
 a - a scroll of enchant armour
 j - 4 scrolls of blinking
 y - 4 scrolls of amnesia
 B - 7 scrolls of fog
 C - a scroll of holy word
 D - 5 scrolls of identify
 E - 2 scrolls of fear
 L - 8 scrolls of brand weapon
 S - 3 scrolls of enchant weapon
Potions
 d - 8 potions of might
 e - 11 potions of curing
 f - 2 potions of heal wounds
 g - 10 potions of haste
 h - 7 potions of magic
 i - 3 potions of berserk rage
 w - 2 potions of brilliance
 x - 2 potions of invisibility
 z - 4 potions of resistance
Miscellaneous
 p - a condenser vane
 A - a piece from Xom's chessboard (15/15)
 F - a phantom mirror
 M - a phantom mirror
 Q - a piece from Xom's chessboard (15/15)
 R - a phial of floods
 T - a condenser vane


   Skills:
 O Level 27 Fighting
 - Level 15.4 Long Blades
 O Level 27 Armour
 + Level 26.5 Dodging
 + Level 1.3 Stealth
 O Level 27 Shields
 + Level 1.1 Poison Magic
 + Level 1.5 Invocations
 + Level 12.9 Evocations


You had 15 spell levels left.
You didn't know any spells.
Your spell library contained the following spells:

 Spells                   Type           Power      Damage    Failure   Level
 Sting                    Tmut/Pois      0%         1d3       89%         1
 Animate Skeleton         Necr           0%         N/A       93%         1
 Apportation              Tloc           0%         N/A       93%         1
 Beastly Appendage        Tmut           0%         N/A       93%         1
 Foxfire                  Conj/Fire      0%         2x1d4     93%         1
 Freeze                   Ice            0%         1d3       93%         1
 Magic Dart               Conj           0%         1d3       93%         1
 Pain                     Necr           0%         1d4       93%         1
 Sandblast                Erth           0%         2d4       93%         1
 Shock                    Conj/Air       0%         1d3       93%         1
 Poisonous Vapours        Pois/Air       0%         N/A       96%         2
 Blink                    Tloc           N/A        N/A       98%         2
 Call Imp                 Summ           0%         N/A       98%         2
 Corpse Rot               Necr/Air       N/A        N/A       98%         2
 Ensorcelled Hibernation  Hex/Ice        0%         N/A       98%         2
 Passwall                 Tmut/Erth      0%         N/A       98%         2
 Searing Ray              Conj           0%         3d3       98%         2
 Sublimation of Blood     Necr           0%         N/A       98%         2
 Swiftness                Air            0%         N/A       98%         2
 Wereblood                Tmut           0%         N/A       98%         2
 Ignite Poison            Fire/Tmut/Pois 0%         N/A       99%         3
 Mephitic Cloud           Conj/Pois/Air  0%         N/A       99%         3
 Spider Form              Tmut/Pois      0%         N/A       99%         3
 Call Canine Familiar     Summ           0%         N/A       100%        3
 Confusing Touch          Hex            0%         N/A       100%        3
 Dazzling Flash           Conj/Hex       0%         N/A       100%        3
 Frozen Ramparts          Ice            0%         1d2       100%        3
 Gell's Gravitas          Tloc           0%         N/A       100%        3
 Lesser Beckoning         Tloc           0%         N/A       100%        3
 Ozocubu's Armour         Ice            0%         N/A       100%        3
 Static Discharge         Conj/Air       0%         N/A       100%        3
 Teleport Other           Tloc           0%         N/A       100%        3
 Tukima's Dance           Hex            0%         N/A       100%        3
 Vampiric Draining        Necr           0%         2d6       100%        3
 Airstrike                Air            0%         N/A       100%        4
 Animate Armour           Summ/Erth      0%         N/A       100%        4
 Animate Dead             Necr           0%         N/A       100%        4
 Cause Fear               Hex            0%         N/A       100%        4
 Dispel Undead            Necr           0%         3d6       100%        4
 Fulminant Prism          Conj/Hex       0%         3d6       100%        4
 Hailstorm                Conj/Ice       0%         3d3       100%        4
 Ice Form                 Ice/Tmut       0%         N/A       100%        4
 Iskenderun's Mystic Bla  Conj/Tloc      0%         2d3       100%        4
 Leda's Liquefaction      Hex/Erth       0%         N/A       100%        4
 Olgreb's Toxic Radiance  Pois           1%         N/A       100%        4
 Passage of Golubria      Tloc           N/A        N/A       100%        4
 Petrify                  Tmut/Erth      0%         N/A       100%        4
 Summon Ice Beast         Ice/Summ       0%         N/A       100%        4
 Summon Lightning Spire   Summ/Air       0%         N/A       100%        4
 Agony                    Necr           0%         N/A       100%        5
 Alistair's Intoxication  Tmut/Pois      0%         N/A       100%        5
 Bolt of Magma            Conj/Fire/Erth 0%         4d4       100%        5
 Borgnjor's Vile Clutch   Necr/Erth      0%         N/A       100%        5
 Excruciating Wounds      Necr           0%         N/A       100%        5
 Fireball                 Conj/Fire      0%         3d3       100%        5
 Hydra Form               Tmut           0%         N/A       100%        5
 Irradiate                Conj/Tmut      0%         3d13      100%        5
 Iskenderun's Battlesphe  Conj           0%         2d6       100%        5
 Lee's Rapid Deconstruct  Erth           0%         3d5*      100%        5
 Lightning Bolt           Conj/Air       0%         1d11      100%        5
 Manifold Assault         Tloc           0%         N/A       100%        5
 Metabolic Englaciation   Hex/Ice        0%         N/A       100%        5
 Silence                  Hex/Air        0%         N/A       100%        5
 Summon Forest            Summ/Tloc      0%         N/A       100%        5
 Summon Mana Viper        Hex/Summ       0%         N/A       100%        5
 Yara's Violent Unravell  Hex/Tmut       0%         3d3       100%        5
 Blade Hands              Tmut           0%         N/A       100%        6
 Conjure Ball Lightning   Conj/Air       0%         3x3d6     100%        6
 Eringya's Noxious Bog    Tmut/Pois      0%         N/A       100%        6
 Freezing Cloud           Conj/Ice/Air   0%         6-21      100%        6
 Invisibility             Hex            0%         N/A       100%        6
 Iron Shot                Conj/Erth      0%         9d1       100%        6
 Shadow Creatures         Summ           N/A        N/A       100%        6
 Starburst                Conj/Fire      0%         8x6d3     100%        6
 Statue Form              Tmut/Erth      0%         N/A       100%        6
 Dragon Form              Tmut           0%         N/A       100%        7
 Orb of Destruction       Conj           0%         N/A       100%        7
 Ozocubu's Refrigeration  Ice            0%         4d5       100%        7
 Spellforged Servitor     Conj/Summ      0%         N/A       100%        7
 Summon Hydra             Summ           0%         N/A       100%        7
 Chain Lightning          Conj/Air       0%         N/A       100%        8
 Disjunction              Tloc           0%         N/A       100%        8
 Ignition                 Fire           0%         3d3       100%        8
 Lehudib's Crystal Spear  Conj/Erth      0%         10d2      100%        8
 Absolute Zero            Ice            0%         ∞         100%        9
 Dragon's Call            Summ           0%         N/A       100%        9
 Fire Storm               Conj/Fire      0%         5d1       100%        9
 Tornado                  Air            0%         N/A       100%        9


Dungeon Overview and Level Annotations

Branches:
Dungeon (1/1)

Altars:
Ashenzari
Cheibriados
Dithmenos
Elyvilon
Fedhas
Gozag
Hepliaklqana
Kikubaaqudgha
Makhleb
Nemelex Xobeh
Okawaru
Qazlal
Ru
Sif Muna
Trog
Uskayaw
Vehumet
Wu Jian
Xom
Yredelemnul
Zin
The Shining One
Beogh
Jiyva
Lugonu

Annotations:
D Antaeus, Erica, Eustachio, Ilsuiw, Mennas, Mnoleg, Nikola, Sojobo, Tiamat, Urug


Innate Abilities, Weirdness & Mutations

You have a pair of horns on your head.
You reflexively headbutt those who attack you in melee.
Your system is resistant to poisons. (rPois)
Your spells are harder to cast, but more powerful.
You expend magic power (3 MP) to strengthen your wands.


Message History

The Council accepts your kill. Sojobo misses you.
Sojobo pecks you but does no damage. You block Sojobo's attack.
Your Dodging skill increases to level 26!
You see here 9 large rocks.
Unknown command.
You lunge at Mennas.
Mennas blocks your attack.
You spin and attack Dowan repeatedly.
You slice Dowan!!
You kill Dowan!
The Council accepts your kill.
You hear a distant scream of rage.
You spin and attack Sojobo repeatedly.
You barely miss Sojobo.
Sojobo is heavily wounded.
You slice Sojobo!!
Sojobo is severely wounded.
You are no longer berserk.
You are exhausted.
You feel yourself slow down. Mennas completely misses you.
You block Mennas's attack. You block Ilsuiw's attack.
Things that are here:
a +4 quarterstaff of chaos; a +1 cloak; the corpse of the Lernaean hydra You lunge at Ilsuiw, in a flurry of attacks.
You slice Ilsuiw!! Your headbutt misses Ilsuiw.
Ilsuiw is lightly wounded.
You slice Ilsuiw!! Your headbutt misses Ilsuiw.
Ilsuiw is moderately wounded.
You spin and attack Mennas repeatedly.
Mennas blocks your attack.
You barely miss Mennas. Mennas blocks your attack.
You spin and attack Antaeus repeatedly.
You slice Antaeus!!
Antaeus convulses.
You headbutt Antaeus, but do no damage.
Antaeus is lightly wounded.
You hit Antaeus.
Antaeus convulses.
You headbutt Antaeus.
Antaeus is lightly wounded.
Mennas completely misses you.
You riposte.
You slice Mennas!! Your headbutt misses Mennas.
Mennas is lightly wounded.
Mennas completely misses you. Tiamat breathes frost at you.
The blast of cold misses you. Antaeus hits you!!!
You die...

▓...TD..og...z...
▓.
▓.......D.O......
▓.
▓................
▓.
▓........o.......
▓.
▓................
▓.
▓....▓.....@.▓...
▓☼ ▓§§§▓▓▓.....▓▓
.. ▓.
▓§§md▓°☼§....▓...
▓.
▓§☼@Co☼☼☼§.......
▓.
▓§§☼A§☼☼§§.......
▓▓
▓§§Q§☼☼§☼°.......
▓▓▓▓▓▓▓▓▓▓▓▓▓▓▓▓▓


You could see Antaeus, Tiamat (catching breath), Ilsuiw, Mennas (silencing),
Sojobo (repels missiles) and Urug (strong).

Vanquished Creatures
  2 pandemonium lords (D)
  Gloorx Vloq (D)
  3 ancient liches (D)
  Boris (D)
  A royal mummy (D)
  the Lernaean hydra (D)
  Saint Roka (D)
  Xtahua (D)
  2 golden dragons (D)
  2 liches (D)
  Murray (D)
  2 quicksilver dragons (D)
  An Executioner (D)
  Polyphemus (D)
  Kirke (D)
  Donald (D)
  A shadow dragon (D)
  A fire giant (D)
  A frost giant (D)
  4 iron dragons (D)
  3 ghouls (D)
  Louise (D)
  5 stone giants (D)
  7 vampire knights (D)
  A lorocyproca (D)
  A green death (D)
  3 mummy priests (D)
  2 fire dragons (D)
  Josephine (D)
  A rakshasa (D)
  An anaconda (shapeshifter) (D)
  A hell beast (D)
  A hydra (D)
  Erolcha (D)
  2 ice dragons (D)
  3 two-headed ogres (D)
  A death scarab (D)
  4 vampire magi (D)
  2 soul eaters (D)
  2 fire crabs (shapeshifter) (D)
  2 sixfirhies (D)
  2 skeletal warriors (D)
  A death drake (D)
  A glowing orange brain (shapeshifter) (D)
  2 swamp dragons (D)
  Pikel (D)
  4 necromancers (D)
  A mana viper (shapeshifter) (D)
  An orb spider (shapeshifter) (D)
  A harpy (shapeshifter) (D)
  A wolf spider (D)
  A shining eye (D)
  4 ugly things (D)
  4 cyclopes (D)
  A worldbinder (D)
  Maurice (D)
  Joseph (D)
  2 smoke demons (D)
  2 cane toads (D)
  Psyche (D)
  A komodo dragon (D)
  2 rime drakes (D)
  A komodo dragon (shapeshifter) (D)
  2 rime drakes (shapeshifter) (D)
  6 guardian mummies (D)
  A hellwing (D)
  2 red devils (D)
  6 trolls (D)
  2 merfolk (D)
  A queen bee (shapeshifter) (D)
  2 jumping spiders (D)
  2 large abominations (D)
  A polar bear (shapeshifter) (D)
  A wind drake (D)
  2 blink frogs (D)
  A dream sheep (shapeshifter) (D)
  4 shadows (D)
  2 flying skulls (D)
  A vampire (D)
  2 redbacks (D)
  5 ushabtiu (D)
  2 yaks (D)
  2 wyverns (D)
  A chaos spawn (D)
  A fire bat (D)
  A fire bat (shapeshifter) (D)
  6 neqoxecs (D)
  A small abomination (D)
  A hog (shapeshifter) (D)
  Menkaure (D)
  A steam dragon (D)
  3 hell hounds (D)
  4 acid dragons (D)
  5 water moccasins (D)
  A swamp drake (D)
  A water moccasin (shapeshifter) (D)
  2 orc warriors (D)
  An ice beast (D)
  Purgy (D)
  An ogre (D)
  4 necrophages (D)
  A wolf (D)
  2 centaurs (D)
  4 bullfrogs (D)
  A scorpion (D)
  Dowan (D)
  7 wights (D)
  6 crimson imps (D)
  5 quasits (D)
  2 orc priests (D)
  3 iron imps (D)
  Crazy Yiuf (D)
  Jessica (D)
  2 iguanas (D)
  2 orc wizards (D)
  Terence (D)
  9 mummies (D)
  2 shadow imps (D)
  4 white imps (D)
  2 ufetubi (D)
  A spectral adder (D)
  4 adder zombies (D)
  2 adder skeletons (D)
  An orc (shapeshifter) (D)
  2 orcs (D)
  4 bat skeletons (D)
  2 bat zombies (D)
  A ball python (D)
  4 ball python skeletons (D)
  2 ball python zombies (D)
  A giant cockroach simulacrum (D)
  4 giant cockroach zombies (D)
  2 jackal skeletons (D)
  A jackal zombie (D)
  3 quokka zombies (D)
  A spectral ball python (D)
  A spectral giant cockroach (D)
  3 spectral quokkas (D)
288 creatures vanquished.

Notes
Turn   | Place    | Note
-------+----------+-------------------------------------------
     0 | D        | Snicker the Minotaur Fighter began the quest for the Orb.
     0 | D        | Reached XP level 1. HP: 19/19 MP: 0/0
     2 | D        | Found a blossoming altar of Fedhas.
     3 | D        | Found the +6 Majin-Bo {vamp, MP+6 Int+6}
     3 | D        | Found the +9 heavy crossbow "Sniper" {vorpal, Acc+∞ SInv}
     3 | D        | Found the +10 dark maul {vorpal}
     3 | D        | Found the +15 Maxwell's patent armour {-Cast -Tele rElec
                  | Will+ rCorr}
     3 | D        | Found the +18 shield of the Gong {rElec rN+ Will+ EV-5}
     3 | D        | Found the +14 obsidian axe {vorpal, Drain Fly SInv}
     3 | D        | Found the +7 great mace "Firestarter" {inner flame, rF++}
     3 | D        | Found the +6 shillelagh "Devastator" {shatter}
     3 | D        | Found the +11 plutonium sword {Contam Stlth-}
     3 | D        | Found the +8 lance "Wyrmbane" {slay drac, rPois rF+ rC+
                  | AC+3}
     3 | D        | Found the +9 sword of Zonguldrok {reap}
     3 | D        | Found the +13 scythe of Curses {drain, Drain}
     3 | D        | Found the +5 sword of Power {vorpal}
     3 | D        | Found the +7 mace of Variability {chain chaos}
     3 | D        | Found the +7 Singing Sword {vorpal, sonic wave}
     3 | D        | Found the +8 storm bow {elec, penet}
     3 | D        | Found a viscous altar of Jiyva.
     3 | D        | Found a hazy altar of Hepliaklqana.
     3 | D        | Found a transporter.
     3 | D        | Found an opulent altar of Gozag.
     3 | D        | Found an ancient bone altar of Kikubaaqudgha.
     3 | D        | Found a corrupted altar of Lugonu.
     9 | D        | Found a burning altar of Makhleb.
    10 | D        | Found an iron altar of Okawaru.
    10 | D        | Found a stormy altar of Qazlal.
    10 | D        | Found a sparkling altar of Nemelex Xobeh.
    10 | D        | Found a sacrificial altar of Ru.
    10 | D        | Found a shimmering blue altar of Sif Muna.
    38 | D        | Found a bloodstained altar of Trog.
    85 | D        | Became a worshipper of the Wu Jian Council
   100 | D        | Entered arena 2.
   100 | D        | Noticed a crimson imp
   100 | D        | Found a transporter.
   101 | D        | Killed a crimson imp
   102 | D        | Reached skill level 5 in Fighting
   102 | D        | Reached skill level 5 in Armour
   102 | D        | Reached skill level 5 in Shields
   102 | D        | Reached XP level 2. HP: 24/29 MP: 1/1
   102 | D        | Reached XP level 3. HP: 30/36 MP: 2/2
   103 | D        | Reached * piety under Wu Jian
   116 | D        | Entered arena 3.
   116 | D        | Noticed a wolf
   116 | D        | Found a transporter.
   118 | D        | Killed a wolf
   119 | D        | Reached XP level 4. HP: 28/47 MP: 3/3
   123 | D        | Reached skill level 5 in Long Blades
   123 | D        | Reached XP level 5. HP: 23/52 MP: 4/4
   124 | D        | Reached ** piety under Wu Jian
   308 | D        | Entered arena 4.
   308 | D        | Found a transporter.
   309 | D        | Found the +10 zealot's sword {holy, *Rage rN+ EV+3}
   309 | D        | Identified the +6 long sword "Nialovic" {vorpal, rC+ Str-5
                  | Stlth+}
   316 | D        | Reached XP level 6. HP: 53/62 MP: 5/5
   317 | D        | Reached *** piety under Wu Jian
   331 | D        | Entered arena 5.
   331 | D        | Noticed a water moccasin
   331 | D        | Noticed a water moccasin
   331 | D        | Noticed a water moccasin
   331 | D        | Found a transporter.
   332 | D        | Found the ring of Shadows {Umbra +Inv Stlth+}
   337 | D        | Killed a water moccasin
   338 | D        | Killed a water moccasin
   339 | D        | Reached skill level 10 in Armour
   339 | D        | Killed a water moccasin
   339 | D        | Reached **** piety under Wu Jian
   340 | D        | Reached XP level 7. HP: 66/71 MP: 6/6
   359 | D        | Entered arena 6.
   359 | D        | Noticed a purple ugly thing
   359 | D        | Noticed a white ugly thing
   359 | D        | Noticed a fire bat
   359 | D        | Found a transporter.
   361 | D        | Killed a fire bat
   362 | D        | Reached skill level 10 in Fighting
   362 | D        | Reached skill level 10 in Long Blades
   372 | D        | Killed a white ugly thing
   373 | D        | Reached skill level 10 in Shields
   373 | D        | Reached XP level 8. HP: 77/81 MP: 7/7
   375 | D        | Killed a white ugly thing
   375 | D        | Reached ***** piety under Wu Jian
   440 | D        | Entered arena 7.
   440 | D        | Noticed a cyclops
   440 | D        | Noticed a wind drake
   440 | D        | Noticed a merfolk
   440 | D        | Noticed a merfolk
   441 | D        | Found the amulet of the Air {Inacc Fly rElec EV+5 RMsl}
   441 | D        | Identified the +1 halberd of Turmoil {holy, Str+4}
   441 | D        | Found a transporter.
   454 | D        | Killed a wind drake
   455 | D        | Killed a merfolk
   456 | D        | Reached XP level 9. HP: 47/90 MP: 8/8
   460 | D        | Killed a merfolk
   466 | D        | Killed a cyclops
   467 | D        | Reached skill level 15 in Long Blades
   495 | D        | Got the ring "Qekaopso" {rF+++ EV+4 Dex+4 Slay+2}
   704 | D        | Reached skill level 1 in Stealth
   704 | D        | Reached skill level 1 in Poison Magic
   704 | D        | Reached skill level 1 in Invocations
   704 | D        | Reached skill level 1 in Evocations
   704 | D        | Reached XP level 10. HP: 98/99 MP: 8/10
   727 | D        | Entered arena 8.
   727 | D        | Noticed a wolf spider
   738 | D        | Reached ****** piety under Wu Jian
   740 | D        | Killed a wolf spider
   746 | D        | Found a transporter.
   772 | D        | Entered arena 9.
   773 | D        | Found a transporter.
   802 | D        | Entered arena 10.
   803 | D        | Found a transporter.
   874 | D        | Acquired a manual of Axes
  1012 | D        | Entered arena 11.
  1012 | D        | Noticed a harpy
  1012 | D        | Noticed a shining eye
  1013 | D        | Found a transporter.
  1021 | D        | Reached XP level 11. HP: 111/111 MP: 11/11
  1022 | D        | Killed a harpy
  1023 | D        | Reached skill level 15 in Fighting
  1023 | D        | Reached skill level 15 in Armour
  1028 | D        | Killed a shining eye
  1052 | D        | Got Neirammu's Disquisition on Translocation and the Oath
  1212 | D        | Entered arena 12.
  1212 | D        | Noticed Louise
  1212 | D        | Noticed Terence
  1212 | D        | Noticed Jessica
  1212 | D        | Noticed Donald
  1213 | D        | Identified the +7 hand axe of Qatil {holy, Int+4}
  1213 | D        | Noticed Pikel
  1213 | D        | Identified the +11 dagger of Pain and Death {elec, rElec
                  | rF++ Will- rCorr}
  1213 | D        | Noticed Maurice
  1213 | D        | Noticed Menkaure
  1214 | D        | Found the +8 frozen axe "Frostbite" {freezing cloud, *Noise
                  | Fly rC+}
  1224 | D        | Killed Louise
  1226 | D        | Killed Pikel
  1227 | D        | Killed Menkaure
  1231 | D        | Killed Donald
  1232 | D        | Reached skill level 15 in Shields
  1232 | D        | Killed Terence
  1235 | D        | Killed Jessica
  1240 | D        | Killed Maurice
  1241 | D        | Found a transporter.
  1254 | D        | Gained mutation: Your system is resistant to poisons.
                  | (rPois) [potion of mutation]
  1254 | D        | Gained mutation: Your spells are a little harder to cast,
                  | but a little more powerful. [potion of mutation]
  1263 | D        | Got the Reference Book on the Escort and Beguiling
  1269 | D        | Got the ring of Qeig {*Slow rElec rCorr Str+2 Slay+3}
  1284 | D        | Entered arena 13.
  1284 | D        | Noticed a glowing orange brain
  1284 | D        | Noticed a cyan ugly thing
  1284 | D        | Noticed an anaconda
  1284 | D        | Noticed a mana viper
  1284 | D        | Noticed a red ugly thing
  1285 | D        | Noticed a mana viper
  1285 | D        | a mana viper changed into a tarantella
  1285 | D        | a glowing orange brain changed into a jumping spider
  1288 | D        | a mana viper changed into a dream sheep
  1290 | D        | Killed an anaconda
  1293 | D        | Found a transporter.
  1294 | D        | Noticed a fire crab
  1294 | D        | a jumping spider changed into a fire crab
  1294 | D        | Noticed a fire crab
  1294 | D        | an elephant changed into a fire crab
  1295 | D        | Noticed a glowing orange brain
  1295 | D        | a floating eye changed into a glowing orange brain
  1296 | D        | Killed a fire crab
  1296 | D        | Killed a fire crab
  1296 | D        | Noticed a mana viper
  1297 | D        | Killed a mana viper
  1297 | D        | Noticed an orb spider
  1297 | D        | a rime drake changed into an orb spider
  1299 | D        | Killed a cyan ugly thing
  1300 | D        | Reached XP level 12. HP: 128/128 MP: 12/12
  1470 | D        | Got the Handbook of Weightlessness and Dark Rituals
  1475 | D        | Got the ring "Lifoelais" {Ice rN+ Int+5 Dex-2 Slay+3}
  1486 | D        | Entered arena 14.
  1493 | D        | Identified the +2 plate armour "Ryqaafuu" {rN+ Int+4}
  1494 | D        | Found a transporter.
  1515 | D        | Found the +4 dagger "Morg" {pain, Will+ Int+5}
  1552 | D        | Got the Incunabulum of Snow
  1561 | D        | Entered arena 15.
  1601 | D        | Found a transporter.
  1622 | D        | Entered arena 16.
  1623 | D        | Noticed Roz Qej the pandemonium lord
  1623 | D        | Noticed a green death
  1623 | D        | Noticed an Executioner
  1623 | D        | Noticed Xeutui the pandemonium lord
  1624 | D        | Noticed a hell beast
  1626 | D        | Killed an Executioner
  1627 | D        | Found a transporter.
  1633 | D        | Killed Roz Qej the pandemonium lord
  1634 | D        | Reached XP level 13. HP: 12/147 MP: 13/13
  1640 | D        | Killed Xeutui the pandemonium lord
  1643 | D        | Gained mutation: Your spells are harder to cast, but more
                  | powerful. [a neqoxec]
  1644 | D        | Killed a green death
  1938 | D        | Entered arena 17.
  1967 | D        | Found a transporter.
  1990 | D        | Got the Compendium of Enchantment
  1998 | D        | Got the Handbook of the Mountains and the Snowflakes
  2131 | D        | Entered arena 18.
  2136 | D        | Found a transporter.
  2137 | D        | Noticed a lorocyproca
  2140 | D        | Killed a lorocyproca
  2141 | D        | Reached skill level 5 in Dodging
  2143 | D        | Noticed an ironbound preserver
  2147 | D        | Gained mutation: You expend magic power (3 MP) to
                  | strengthen your wands. [a neqoxec]
  2175 | D        | Got Oliuloq's Guide on Enchantment
  2428 | D        | Entered arena 19.
  2432 | D        | Noticed a stone giant
  2432 | D        | Noticed a stone giant
  2432 | D        | Noticed a stone giant
  2432 | D        | Noticed a stone giant
  2432 | D        | Noticed a stone giant
  2432 | D        | Noticed a fire giant
  2433 | D        | Noticed a frost giant
  2435 | D        | Found a transporter.
  2437 | D        | Killed a stone giant
  2439 | D        | Reached XP level 14. HP: 162/162 MP: 14/14
  2440 | D        | Killed a fire giant
  2442 | D        | Killed a stone giant
  2448 | D        | Killed a stone giant
  2449 | D        | Killed a stone giant
  2454 | D        | Killed a stone giant
  2457 | D        | Killed a frost giant
  2561 | D        | Entered arena 20.
  2566 | D        | Noticed a lich
  2566 | D        | Noticed a ghoul
  2566 | D        | Noticed a vampire knight
  2567 | D        | Noticed a ghoul
  2567 | D        | Identified the +7 glaive of Kephyod {protect, Str+3 Dex+2}
  2567 | D        | Noticed a vampire knight
  2567 | D        | Identified the +4 chain mail "Foel" {*Corrode +Inv rElec
                  | Dex+9}
  2568 | D        | Found a transporter.
  2572 | D        | Killed a ghoul
  2573 | D        | Killed a lich
  2573 | D        | Killed a vampire knight
  2574 | D        | Reached skill level 27 in Fighting
  2585 | D        | Killed a vampire knight
  2586 | D        | Killed a ghoul
  2645 | D        | Entered arena 21.
  2652 | D        | Noticed an iron dragon
  2652 | D        | Noticed an iron dragon
  2652 | D        | Noticed an iron dragon
  2653 | D        | Noticed a golden dragon
  2653 | D        | Noticed a shadow dragon
  2653 | D        | Noticed a quicksilver dragon
  2653 | D        | Noticed an iron dragon
  2654 | D        | Noticed a golden dragon
  2654 | D        | Noticed a quicksilver dragon
  2656 | D        | Found a transporter.
  2673 | D        | Killed an iron dragon
  2675 | D        | Killed a golden dragon
  2676 | D        | Reached skill level 27 in Shields
  2678 | D        | Killed a quicksilver dragon
  2678 | D        | Killed a quicksilver dragon
  2678 | D        | Killed an iron dragon
  2679 | D        | Reached XP level 15. HP: 174/174 MP: 15/15
  2683 | D        | Killed a golden dragon
  2686 | D        | Reached skill level 10 in Dodging
  2686 | D        | Killed an iron dragon
  2687 | D        | Reached skill level 5 in Evocations
  2689 | D        | Killed an iron dragon
  2700 | D        | Killed a shadow dragon
  2791 | D        | Entered arena 22.
  2795 | D        | Noticed a lich
  2796 | D        | Noticed an ancient lich
  2797 | D        | Noticed an ancient lich
  2798 | D        | Noticed an ancient lich
  2800 | D        | Found a transporter.
  2800 | D        | Identified the +8 dagger "Waupef" {vamp, Dex+7 Stlth+}
  2804 | D        | Killed a lich
  2811 | D        | Killed an ancient lich
  2820 | D        | Killed an ancient lich
  2821 | D        | Reached skill level 27 in Armour
  2821 | D        | Reached XP level 16. HP: 183/183 MP: 16/16
  2822 | D        | Killed an ancient lich
  2849 | D        | Found the +9 scales of the Dragon King {rPois rF+ rC+
                  | Will+}
  2858 | D        | Got the Tome of Dusty Changing
  2897 | D        | Entered arena 23.
  2904 | D        | Identified the +2 dagger of the Dragonfly {protect, Will-
                  | Dex+5}
  2904 | D        | Noticed a royal mummy
  2917 | D        | Reached skill level 10 in Evocations
  2925 | D        | HP: 12/274 [??? (7)]
  2926 | D        | Found a transporter.
  2930 | D        | Killed a royal mummy
  2930 | D        | HP: 5/274 [torment (2)]
  3079 | D        | Got the ring "Hyighe" {Will+ Int+4 Dex-5 Slay+4}
  3373 | D        | Entered arena 24.
  3379 | D        | Noticed Purgy
  3379 | D        | Noticed Xtahua
  3379 | D        | Noticed the 27-headed Lernaean hydra
  3379 | D        | Noticed Saint Roka
  3379 | D        | Found the +4 dragonskin cloak
  3379 | D        | Noticed Tiamat
  3379 | D        | Noticed Psyche
  3379 | D        | Noticed Ilsuiw
  3379 | D        | Noticed Mnoleg
  3379 | D        | Noticed Nikola
  3379 | D        | Noticed Murray
  3379 | D        | Noticed Erolcha
  3379 | D        | Noticed Crazy Yiuf
  3379 | D        | Noticed Erica
  3384 | D        | Noticed Boris
  3385 | D        | Noticed Joseph
  3391 | D        | Noticed Gloorx Vloq
  3393 | D        | Killed Erolcha
  3393 | D        | Killed Psyche
  3396 | D        | Noticed an Executioner
  3398 | D        | Noticed an Executioner
  3398 | D        | Killed Crazy Yiuf
  3398 | D        | Noticed Kirke
  3399 | D        | Killed Purgy
  3399 | D        | Killed Joseph
  3400 | D        | Noticed Polyphemus
  3400 | D        | Noticed Josephine
  3400 | D        | Killed Boris
  3402 | D        | Noticed an Executioner
  3402 | D        | Noticed an Executioner
  3403 | D        | Killed Gloorx Vloq
  3404 | D        | Killed Kirke
  3404 | D        | Identified the +1 troll leather armour of the Sky {Harm
                  | Rampage Regen+ Dex-5}
  3404 | D        | Noticed Urug
  3404 | D        | Noticed Sojobo
  3405 | D        | Killed Xtahua
  3405 | D        | Noticed Eustachio
  3406 | D        | Noticed Mennas
  3407 | D        | Killed Murray
  3408 | D        | Killed Saint Roka
  3413 | D        | Killed Josephine
  3416 | D        | Noticed Antaeus
  3418 | D        | Killed Polyphemus
  3418 | D        | Identified the ring of Qiuso {AC+4 SInv}
  3418 | D        | Noticed Dowan
  3419 | D        | Killed the 26-headed Lernaean hydra
  3420 | D        | Killed Dowan
  3421 | D        | Mangled by Antaeus

Illustrated notes

Levels and vault maps discovered:
D:        sprint_v [room_start, room_1, room_2, room_3, room_4, room_5, room_6,
          room_7, room_8, room_9, room_10, room_11, room_12, room_13, room_14,
          room_15, room_16, room_17, room_18, room_19, room_20, room_21,
          room_22, room_23, room_24, room_25, room_26, room_27]

Skill      XL: |  1  2  3  4  5  6  7  8  9 10 11 12 13 14 15 16 |
---------------+-------------------------------------------------+-----
Fighting       | 5 7 8 9 10 11 12 14 18 22 25 27 | 27.0
Long Blades    | 3 4 5 7 9 12 14 15 | 15.4
Armour         | 5 7 9 10 11 12 13 14 16 18 19 21 27 | 27.0
Shields        | 5 6 7 8 9 10 11 12 16 20 23 27 | 27.0
Dodging        | 2 3 4 5 8 16 26 | 26.5
Stealth        | 1 |  1.3
Poison Magic   | 1 |  1.1
Invocations    | 1 |  1.5
Evocations     | 1 2 3 4 8 12 | 12.9

Action                   |  1- 3 |  4- 6 |  7- 9 | 10-12 | 13-15 | 16-18 || total
-------------------------+-------+-------+-------+-------+-------+-------++-------
Melee: Great sword       |     3 |    13 |       |       |       |       ||    16
       Headbutt          |       |     6 |     8 |    46 |    75 |    31 ||   166
       Eudemon blade     |       |    14 |    37 |   176 |   294 |   142 ||   663
Invok: Lunge             |     1 |     1 |     2 |     7 |    22 |    17 ||    50
       Whirlwind         |       |     6 |     4 |    23 |   114 |    66 ||   213
       Heavenly Storm    |       |       |       |     4 |     5 |     2 ||    11
 Abil: Wall Jump         |       |     1 |       |       |       |       ||     1
Evoke: Piece from Xom's  |       |       |       |     1 |       |       ||     1
       Condenser vane    |       |       |       |       |     1 |       ||     1
  Use: Potion            |       |       |     2 |     1 |     5 |     2 ||    10
       Scroll            |       |       |       |     1 |     4 |       ||     5
Armor: Plate armour      |     2 |    28 |    14 |    35 |    22 |     8 ||   109
Dodge: Dodged            |     2 |    13 |    16 |    99 |   135 |    52 ||   317
       Repelled          |       |       |       |     1 |     8 |       ||     9
Block: Kite shield       |       |       |       |    97 |   143 |    50 ||   290
       Rpst.: Great sword |     2 |     1 |       |       |       |       ||     3
       Eudemon blade     |       |     1 |     4 |    19 |    15 |    10 ||    49

Table legend: (Time is in decaauts)
 A = Elapsed time spent in this place.
 B = Non-inter-level travel time spent in this place.
 C = Inter-level travel time spent in this place.
 D = Time resting spent in this place.
 E = Time spent auto-exploring this place.
 F = Levels seen in this place.
 G = Mean time per level.
                   A        B        C        D        E       F      G
               +--------+--------+--------+--------+--------+-----+--------+
         Total |   3423 |   3423 |      0 |   1836 |     43 |   1 | 3423.0 |
       Dungeon |   3423 |   3423 |      0 |   1836 |     43 |   1 | 3423.0 |
               +--------+--------+--------+--------+--------+-----+--------+

Top non-repeatable levels by time:
       D: 3423 daAuts
